 Dungeon Crawl Stone Soup version 0.31.0-9-g3a7656b989 (webtiles) character file.

Game seed: 17250852686335837136

975 qw the Skirmisher (level 7, -5/35 HPs)
             Began as a Spriggan Hunter on Feb 2, 2024.
             Was a Follower of Okawaru.
             Slain by an iguana (16 damage)
             ... on level 5 of the Dungeon.
             The game lasted 00:00:17 (3099 turns).

qw the Skirmisher (Spriggan Hunter)                 Turns: 3099, Time: 00:00:18

Health: -5/35      AC:  3    Str:  7    XL:     7   Next: 95%
Magic:  8/8        EV: 23    Int: 10    God:    Okawaru [*.....]
Gold:   62         SH:  0    Dex: 21    Spells: 6/6 levels left

rFire   . . .        a - +1 shortbow (chaos)
rCold   + . .        (shield currently unavailable)
rNeg    + . .        j - +1 robe {rC+}
rPois   .            (helmet restricted)
rElec   .            (no cloak)
rCorr   .            (gloves unavailable)
SInv    +            (boots unavailable)
Will    +....        (no amulet)
Stlth   ++           d - ring of positive energy
HPRegen 0.25/turn    (no ring)
MPRegen 0.11/turn

%: no passive effects
@: very quick
A: very small, no large weapons, unfitting armour, see invisible, speed 3
a: Renounce Religion, Heroism


You were on level 5 of the Dungeon.
You worshipped Okawaru.
Okawaru was aware of your devotion.
You visited 2 branches of the dungeon, and saw 6 of its levels.

You collected 214 gold pieces.
You spent 152 gold pieces at shops.


Innate Abilities, Weirdness & Mutations

You are very small and have problems with some larger weapons.
You are too small for most types of armour.
You have supernaturally acute eyesight. (SInv)
You cover ground extremely quickly. (Speed+++)


   Skills:
 - Level 2.0 Fighting
 - Level 8.1 Ranged Weapons
 + Level 7.7 Dodging
 - Level 1.5 Stealth
 + Level 0.6 Invocations


You had 6 spell levels left.
You didn't know any spells.
Your spell library was empty.

Inventory:

Hand Weapons
 a - a +1 shortbow of chaos (weapon)
Armour
 c - a +2 robe of willpower
 j - a +1 robe of cold resistance (worn)
Jewellery
 d - a ring of positive energy (left hand)
Wands
 b - a wand of mindburst (5)
Potions
 e - a potion of resistance {unknown}
 f - a potion of ambrosia {unknown}
 g - a potion of attraction {unknown}
 h - a potion of degeneration {unknown}
 i - a potion of mutation {unknown}

Dungeon Overview and Level Annotations

Branches:
Dungeon (5/15)             Temple (1/1) D:4

Altars:
Ashenzari
Cheibriados
Dithmenos
Elyvilon
Gozag
Hepliaklqana
Nemelex Xobeh
Okawaru
Qazlal
Trog
Uskayaw
Yredelemnul
The Shining One

Shops:
D:4 *


Message History

The gnoll misses you.
You shoot an arrow. The arrow hits the gnoll!
The arrow burns the gnoll.
You kill the gnoll!
Okawaru accepts your kill.
You start resting.
HP restored.
You now have 62 gold pieces (gained 11).
Things that are here:
a +0 spear; a +0 scale mail; a gnoll corpse
Found a stone staircase leading down.
As you open the door, it creaks loudly!
You hear an angry hiss.
There is an open door here.
An adder comes into view.
You shoot an arrow. The arrow misses the adder.
The adder misses you.
You shoot an arrow. The arrow hits the adder!
The arrow burns the adder.
You kill the adder!
Okawaru accepts your kill.
You see here an adder corpse.
You open the door.
An iguana comes into view.
You shoot an arrow.
The arrow hits the iguana but does no damage.
The iguana hisses angrily.
You shoot an arrow.
The arrow hits the iguana but does no damage.
You shoot an arrow. The arrow hits the iguana!
The arrow burns the iguana.
The iguana is heavily wounded.
The iguana misses you.
You shoot an arrow. The arrow hits the iguana.
The iguana flies into a frenzy!
The iguana is severely wounded.
The iguana bites you.
An iguana is nearby!
The iguana completely misses you. The iguana bites you!!
Ouch! That really hurt!
An iguana is nearby!
The iguana completely misses you.
An iguana is nearby!
The iguana closely misses you. The iguana bites you!
You die...

##.......# #........####
#######......##... ##
#....##.......#... #..
#.............'... #...
#....##.....%##... #....
#....##......##...
#.....#....+........#...
#.....l@...#........#...
...#+###...##.......#...
#...##......##...
....##......#####
......#....... ......#
......# ....#


You could see a neutral iguana (fast, strong, frenzied).

Vanquished Creatures
  Sigmund (D:4)
  A steam dragon (D:5)
  A phantom (D:4)
  A gnoll sergeant (D:5)
  2 scorpions
  3 bombardier beetles
  A hound (D:4)
  Ijyb (D:4)
  2 sleepcaps
  An orc wizard (D:5)
  7 gnolls
  2 adders
  2 ribbon worms (D:2)
  2 dart slugs (D:4)
  5 orcs
  10 ball pythons
  8 endoplasms
  5 giant cockroaches
  6 goblins
  7 hobgoblins
  9 jackals
  2 quokkas
  9 bats
  7 frilled lizards
  10 kobolds
  5 rats
  A spectral hobgoblin (D:3)
111 creatures vanquished.

Notes
Turn   | Place    | Note
-------+----------+-------------------------------------------
     0 | D:1      | qw the Spriggan Hunter began the quest for the Orb.
     0 | D:1      | Reached XP level 1. HP: 10/10 MP: 2/2
     0 | D:1      | 0 ||| qw: Version: 0.3-a-155-g5e7d8dd
     0 | D:1      | 0 ||| qw: Game counter: 862
     0 | D:1      | 0 ||| qw: Melee chars always use a shield: true
     0 | D:1      | 0 ||| qw: God list: Okawaru
     0 | D:1      | 0 ||| qw: Allow faded altars: false
     0 | D:1      | 0 ||| qw: Do Orc after clearing Dungeon:15 true
     0 | D:1      | 0 ||| qw: Do second Lair branch before Depths: true
     0 | D:1      | 0 ||| qw: Lair rune preference: random
     0 | D:1      | 0 ||| qw: Goals: Normal
     0 | D:1      | 0 ||| PLANNING D:1-11
    41 | D:1      | 41 ||| RETREEEEATING.
    42 | D:1      | 42 ||| RETREEEEATING.
    44 | D:1      | 44 ||| RETREEEEATING.
    45 | D:1      | 45 ||| RETREEEEATING.
    46 | D:1      | 46 ||| RETREEEEATING.
    48 | D:1      | 48 ||| RETREEEEATING.
    49 | D:1      | 49 ||| RETREEEEATING.
    50 | D:1      | 50 ||| RETREEEEATING.
    52 | D:1      | 52 ||| RETREEEEATING.
    56 | D:1      | Reached skill level 3 in Dodging
   104 | D:1      | Reached XP level 2. HP: 14/14 MP: 3/3
   116 | D:1      | HP: 3/14 [kobold/+0 short sword (1)]
   413 | D:1      | Reached XP level 3. HP: 18/18 MP: 4/4
   496 | D:1      | 496 ||| UPGRADING to ring of positive energy.
   497 | D:1      | 497 ||| READING scroll labelled EDOOMU MEWOOLI.
   497 | D:1      | 497 ||| IDENTIFYING scroll labelled MOUSAU LOIT
   498 | D:1      | 498 ||| READING scroll labelled VAELLU FEKE.
   499 | D:1      | 499 ||| READING scroll labelled HOK INUMORCH.
   499 | D:1      | 499 ||| ENCHANTING +0 shortbow.
   500 | D:1      | 500 ||| DROPPING scroll of butterflies.
   501 | D:1      | 501 ||| DROPPING scroll of fog.
   949 | D:2      | Reached skill level 5 in Ranged Weapons
   990 | D:2      | 990 ||| READING scroll labelled NAANOF EKAPT.
   990 | D:2      | 990 ||| BRANDING +1 shortbow.
   991 | D:2      | 991 ||| READING scroll labelled FESUP QAENOFRU.
  1092 | D:2      | 1092 ||| READING scroll labelled PODGHI YDGHU.
  1108 | D:3      | Noticed a scorpion
  1109 | D:3      | Killed a scorpion
  1110 | D:3      | Reached XP level 4. HP: 22/22 MP: 5/5
  1161 | D:3      | Reached XP level 5. HP: 26/26 MP: 6/6
  1272 | D:3      | Found a faded altar of an unknown god.
  1363 | D:3      | Found a basalt altar of Yredelemnul.
  1557 | D:3      | Found a glowing golden altar of the Shining One.
  1564 | D:3      | Noticed a profane servitor
  1810 | D:3      | Noticed an angel
  1812 | D:3      | 1812 ||| READING scroll labelled BEILUGG FEG YTAE.
  1814 | D:3      | 1814 ||| Stepping ~*~*~tactically~*~*~ (cloud).
  1824 | D:3      | HP: 6/26 [poisoned by you (poison gas)]
  2012 | D:4      | Noticed Ijyb
  2018 | D:4      | HP: 4/26 [disintegration (10)]
  2021 | D:4      | HP: 1/26 [Ijyb/+0 dagger (1)]
  2025 | D:4      | Killed Ijyb
  2026 | D:4      | Reached skill level 6 in Ranged Weapons
  2026 | D:4      | Reached XP level 6. HP: 1/30 MP: 7/7
  2261 | D:4      | 2261 ||| READING scroll labelled WEOXAFOONTAI.
  2277 | D:4      | 2277 ||| FLEEEEING.
  2286 | D:4      | 2286 ||| FLEEEEING.
  2287 | D:4      | 2287 ||| FLEEEEING.
  2288 | D:4      | 2288 ||| FLEEEEING.
  2289 | D:4      | 2289 ||| FLEEEEING.
  2290 | D:4      | 2290 ||| FLEEEEING.
  2291 | D:4      | 2291 ||| FLEEEEING.
  2293 | D:4      | 2293 ||| FLEEEEING.
  2295 | D:4      | 2295 ||| FLEEEEING.
  2296 | D:4      | 2296 ||| FLEEEEING.
  2297 | D:4      | 2297 ||| FLEEEEING.
  2301 | D:4      | 2301 ||| FLEEEEING.
  2302 | D:4      | 2302 ||| FLEEEEING.
  2303 | D:4      | 2303 ||| FLEEEEING.
  2304 | D:4      | 2304 ||| FLEEEEING.
  2305 | D:4      | 2305 ||| FLEEEEING.
  2306 | D:4      | 2306 ||| FLEEEEING.
  2311 | D:4      | 2311 ||| FLEEEEING.
  2312 | D:4      | 2312 ||| FLEEEEING.
  2313 | D:4      | 2313 ||| FLEEEEING.
  2314 | D:4      | 2314 ||| FLEEEEING.
  2315 | D:4      | 2315 ||| FLEEEEING.
  2316 | D:4      | 2316 ||| FLEEEEING.
  2317 | D:4      | 2317 ||| FLEEEEING.
  2318 | D:4      | 2318 ||| FLEEEEING.
  2319 | D:4      | 2319 ||| FLEEEEING.
  2320 | D:4      | 2320 ||| FLEEEEING.
  2321 | D:4      | 2321 ||| FLEEEEING.
  2322 | D:4      | 2322 ||| FLEEEEING.
  2323 | D:4      | 2323 ||| FLEEEEING.
  2324 | D:4      | 2324 ||| FLEEEEING.
  2326 | D:4      | 2326 ||| FLEEEEING.
  2327 | D:4      | 2327 ||| FLEEEEING.
  2329 | D:4      | 2329 ||| FLEEEEING.
  2330 | D:4      | 2330 ||| FLEEEEING.
  2409 | D:4      | 2409 ||| ZAPPING wand of mindburst (12) at 5,-5 (bombardier
                  | beetle; floor).
  2413 | D:4      | 2413 ||| ZAPPING wand of mindburst (11) at 2,-2 (bombardier
                  | beetle; floor).
  2414 | D:4      | Reached skill level 6 in Dodging
  2430 | D:4      | Noticed Sigmund
  2435 | D:4      | 2435 ||| ZAPPING wand of mindburst (10) at 0,3 (Sigmund;
                  | floor).
  2436 | D:4      | 2436 ||| ZAPPING wand of mindburst (9) at 0,2 (Sigmund;
                  | floor).
  2436 | D:4      | Killed Sigmund
  2437 | D:4      | Reached skill level 7 in Ranged Weapons
  2437 | D:4      | Reached XP level 7. HP: 35/35 MP: 8/8
  2450 | D:4      | Found Xoegyo's General Store.
  2454 | D:4      | Found a staircase to the Ecumenical Temple.
  2455 | D:4      | 2455 ||| PLANNING TEMPLE
  2455 | D:4      | 2455 ||| BUYING +1 robe of cold resistance (152 gold).
  2455 | D:4      | Bought a +1 robe of cold resistance for 152 gold pieces
  2455 | D:4      | 2455 ||| SHOPLISTING scroll of acquirement (624 gold, have
                  | 15).
  2455 | D:4      | 2455 ||| SHOPLISTING scroll of identify (24 gold, have 15).
  2455 | D:4      | 2455 ||| SHOPLISTING wand of light (8) (403 gold, have 15).
  2455 | D:4      | 2455 ||| UPGRADING to +1 robe of cold resistance.
  2465 | D:4      | 2465 ||| UPGRADING to +1 robe of cold resistance.
  2475 | D:4      | 2475 ||| DROPPING +0 robe.
  2484 | Temple   | Entered the Ecumenical Temple
  2485 | Temple   | 2485 ||| PLANNING OKAWARU WORSHIP
  2494 | Temple   | Became a worshipper of Warmaster Okawaru
  2495 | Temple   | 2495 ||| PLANNING D:1-11
  2744 | D:4      | 2744 ||| READING scroll of identify.
  2744 | D:4      | 2744 ||| IDENTIFYING viscous inky potion
  2745 | D:4      | 2745 ||| DROPPING potion of berserk rage.
  2773 | D:5      | Entered Level 5 of the Dungeon
  2773 | D:5      | Noticed a steam dragon
  2774 | D:5      | 2774 ||| ZAPPING wand of mindburst (8) at -1,7 (steam
                  | dragon; floor).
  2777 | D:5      | 2777 ||| Stepping ~*~*~tactically~*~*~ (cloud).
  2786 | D:5      | 2786 ||| FLEEEEING.
  2787 | D:5      | 2787 ||| STAIRDANCE
  2882 | D:5      | 2882 ||| FLEEEEING.
  2883 | D:5      | 2883 ||| STAIRDANCE
  2953 | D:5      | 2953 ||| STAIRDANCE
  2972 | D:5      | 2972 ||| STAIRDANCE
  2995 | D:5      | 2995 ||| ZAPPING wand of mindburst (7) at -1,6 (steam
                  | dragon; floor).
  2996 | D:5      | 2996 ||| ZAPPING wand of mindburst (6) at 0,5 (steam
                  | dragon; floor).
  2996 | D:5      | Killed a steam dragon
  2997 | D:5      | Reached skill level 8 in Ranged Weapons
  3028 | D:5      | Reached * piety under Okawaru
  3099 | D:5      | Slain by an iguana

Levels and vault maps discovered:
D:1:      spicycebolla_green_bress_n_ham, layout_rooms
D:2:      layout_basic, minivault_26
D:3:      layout_loops_ring, grunt_temple_overflow_holy_war,
          dreamdust_ecumenical_altar_drowned_temple
D:4:      layout_basic, minmay_temple_entry_crystal_x, serial_shops,
          nicolae_shop_tiny_statue_garden, minmay_bent, uniq_ijyb, uniq_sigmund
D:5:      layout_gridville, tgw_sif, minmay_misc_feat_enclosed,
          nicolae_grassy_gnolls, uniq_edmund
Temple:   jpeg_temple_clearing

Skill      XL: |  1  2  3  4  5  6  7 |
---------------+----------------------+-----
Dodging        | 3 4 5 6 7 |  7.7
Ranged Weapons | 5 6 7 8 |  8.1
Fighting       | 2 |  2.0
Stealth        | |  1.5
Invocations    | |  0.6

Action                     |  1- 3 |  4- 6 |  7- 9 || total
---------------------------+-------+-------+-------++-------
   Fire: Shortbow          |   127 |   122 |    59 ||   308
  Evoke: Wand              |       |     4 |     3 ||     7
    Use: Scroll            |     6 |     2 |     1 ||     9
 Armour: Robe              |    20 |    11 |    15 ||    46
  Dodge: Dodged            |    75 |    59 |    39 ||   173

Table legend:
 A = Non-vault XP
 B = Vault XP
 C = Vault XP percentage of total XP
 D = Non-vault monster count
 E = Vault monster count
 F = Vault count percentage of total count
                 A         B        C        D         E       F
            +---------+---------+-------+---------+---------+-------
      Total |     942 |     452 |  32.4 |      96 |      15 |  13.5
            +---------+---------+-------+---------+---------+-------
        D:1 |      51 |       0 |   0.0 |      30 |       0 |   0.0
        D:2 |      34 |       0 |   0.0 |      17 |       0 |   0.0
        D:3 |     208 |       1 |   0.5 |      18 |       1 |   5.3
        D:4 |     415 |     320 |  43.5 |      27 |      10 |  27.0
        D:5 |     234 |     131 |  35.9 |       4 |       4 |  50.0
            +---------+---------+-------+---------+---------+-------
